 Dungeon Crawl Stone Soup version 0.19.1-1-g22dce08 (webtiles) character file.

11919 Mefis the Thaumaturge (level 11, -6/54 HPs)
             Began as a Deep Elf Wizard on Jan 14, 2017.
             Was a High Priest of Sif Muna.
             Mangled by a hill giant
             ... wielding a +0 giant club
              (23 damage)
             ... on level 11 of the Dungeon.
             The game lasted 00:46:39 (19162 turns).

Mefis the Thaumaturge (Deep Elf Wizard)            Turns: 19162, Time: 00:46:40

Health: -6/54      AC:  4    Str:  4    XL:     11   Next: 55%
Magic:  8/28       EV: 16    Int: 27    God:    Sif Muna [*****.]
Gold:   116        SH:  0    Dex: 13    Spells: 9 memorised, 12 levels left

rFire  . . .     SeeInvis .     T - +0 blowgun
rCold  . . .     Gourm    .     x - +2 robe {Archmagi}
rNeg   . . .     Faith    .     (no shield)
rPois  .         Spirit   .     b - +0 hat
rElec  .         Reflect  .     (no cloak)
rCorr  .         Harm     .     (no gloves)
MR     +....                    (no boots)
Stlth  ++++......               (no amulet)
                                (no ring)
                                u - ring of stealth

@: repel missiles
A: no striking features
a: Divine Energy, Channel Magic, Forget Spell, Renounce Religion


You were on level 11 of the Dungeon.
You worshipped Sif Muna.
Sif Muna was extremely pleased with you.
You were not hungry.

You visited 2 branches of the dungeon, and saw 12 of its levels.

You collected 631 gold pieces.
You spent 515 gold pieces at shops.

Inventory:

Hand Weapons
 H - a +2 dagger of electrocution
 T - a +0 blowgun (weapon)
Missiles
 y - 41 poisoned needles (quivered)
 X - a throwing net
Armour
 b - a +0 hat (worn)
 x - a +2 robe of the Archmagi (worn)
 I - a +0 robe of fire resistance
Jewellery
 u - a ring of stealth (left hand)
 A - an uncursed ring of resist corrosion
 W - an uncursed ring of ice
Wands
 a - a wand of paralysis (11/24)
 m - a wand of lightning (5/15)
 D - a wand of paralysis (3/24)
 R - a wand of lightning (8/15)
 S - a wand of lightning (5/15)
 V - a wand of slowing (13/48)
 Z - a wand of random effects (36/48)
Scrolls
 i - 2 scrolls of remove curse
 n - 2 scrolls of recharging
 o - a scroll of vulnerability
 q - 6 scrolls of teleportation
 B - 4 scrolls of enchant armour
 C - 2 scrolls of blinking
 F - 6 scrolls of immolation
 K - 2 scrolls of fear {unknown}
 L - 3 scrolls of fog
 O - a scroll of summoning
 P - a scroll of acquirement {unknown}
Potions
 f - 2 potions of heal wounds {unknown}
 g - a potion of berserk rage {unknown}
 k - 3 potions of degeneration {unknown}
 r - 2 potions of haste {unknown}
 t - 3 potions of curing
 w - 3 potions of mutation {unknown}
 z - a potion of invisibility {unknown}
 G - 3 potions of flight {unknown}
 N - a potion of might {unknown}
 Q - a potion of cure mutation {unknown}
 U - a potion of beneficial mutation {unknown}
 Y - a potion of resistance {unknown}
Books
 c - a book of Minor Magic

   Spells                             Type                      Level
   a - Magic Dart                     Conjuration                  1
   b - Blink                          Translocation                2
   c - Call Imp                       Summoning                    2
   d - Repel Missiles                 Charms/Air                   2
   e - Slow                           Hexes                        2
   f - Conjure Flame                  Conjuration/Fire             3
   g - Mephitic Cloud                 Conjuration/Poison/Air       3
 J - Hasyriz's Reference Book on Feathers and the Frostbite
   (Sif Muna gifted it to you on level 10 of the Dungeon)

   Spells                             Type                      Level
   a - Ozocubu's Armour               Charms/Ice                   3
   b - Static Discharge               Conjuration/Air              3
   c - Conjure Ball Lightning         Conjuration/Air              6
   d - Poisonous Cloud                Conjuration/Poison/Air       6
Miscellaneous
 e - a phantom mirror
 h - a fan of gales
Comestibles
 d - 4 bread rations
 j - 6 meat rations
 l - 4 beef jerkies
 v - a royal jelly
 E - 4 fruits
 M - 10 slices of pizza


   Skills:
 + Level 7.5 Dodging
 - Level 4.2 Stealth
 * Level 11.7 Spellcasting
 + Level 6.5 Conjurations
 + Level 7.4 Hexes
 + Level 6.8 Charms
 + Level 6.5 Summonings
 - Level 1.1 Translocations
 + Level 4.8 Air Magic
 + Level 5.4 Poison Magic
 + Level 5.3 Invocations
 + Level 5.3 Evocations


You had 12 spell levels left.
You knew the following spells:

 Your Spells              Type           Power        Failure   Level  Hunger
a - Magic Dart            Conj           ####         1%          1    None
b - Call Imp              Summ           ######..     1%          2    None
c - Blink                 Tloc           N/A          3%          2    None
e - Mephitic Cloud        Conj/Pois/Air  ######..     1%          3    None
f - Conjure Flame         Conj/Fire      ######..     2%          3    None
g - Slow                  Hex            ######..     1%          2    None
o - Repel Missiles        Chrm/Air       ######       1%          2    None
p - Ozocubu's Armour      Chrm/Ice       ######..     2%          3    None
s - Static Discharge      Conj/Air       ######..     1%          3    None


Dungeon Overview and Level Annotations

Branches:
Dungeon (11/15)            Temple (1/1) D:7
   Lair: D:8-11         Orc: D:9-12

Altars:
Ashenzari
Cheibriados
Dithmenos
Elyvilon
Fedhas
Gozag
Hepliaklqana
Kikubaaqudgha
Makhleb
Nemelex Xobeh
Okawaru
Qazlal
Ru
Sif Muna
Trog
Uskayaw
Vehumet
Xom
Yredelemnul
Zin
The Shining One

Shops:
D:6 ?(   D:9 *   D:10 *

Annotations:
D:7 theAP's ghost, novice HOFi


Message History

You shoot a poisoned needle.
The poisoned needle hits the hill giant.
The hill giant looks even sicker.
The hill giant is lightly wounded.
Casting: Blink
Confirm with . or Enter, or press ? or * to list all spells.
Aiming: Mephitic Cloud
Press: ? - help, Shift-Dir - straight line, f/p - hill giant
Aim: a hill giant, wielding a giant club (lightly wounded, poisoned)
You feel a surge of power!
The ball explodes into a vile cloud!
The stinking cloud engulfs the hill giant.
The hill giant is lightly wounded.
The hill giant is engulfed in noxious fumes.
The hill giant is engulfed in noxious fumes.
Casting: Mephitic Cloud
Confirm with . or Enter, or press ? or * to list all spells.
You feel a surge of power!
You miscast Blink.
Sif Muna protects you from the effects of your miscast!
The hill giant hits you with a giant club!!
You die...

#..# ..o## ..... #..<
#..# #..# #(.#######
#.#############..).<÷...
#......@C.§§§((....†....
#.........§§§.....)...##
#..#################..#
# #.§# #..# #..# ....
..... #######


You could see a hill giant.

Vanquished Creatures
  Erolcha (D:10)
  A death knight (D:8)
  Pikel (D:8)
  Maurice (D:7)
  An elephant (D:11)
  A centaur skeleton (D:10)
  A two-headed ogre (D:9)
  A troll (D:8)
  3 hippogriffs
  A shadow (D:11)
  13 yaks
  A wyvern (D:8)
  A human (D:8)
  A hungry ghost (D:8)
  4 water moccasins
  5 orc warriors (D:8)
  3 ice beasts
  A sky beast (D:10)
  A hornet zombie (D:8)
  A slave (D:8)
  An eye of draining (D:9)
  2 phantoms
  5 ogres
  5 centaurs
  3 big kobolds
  4 bullfrogs
  5 scorpions
  2 water moccasin skeletons
  12 killer bees
  4 wights
  2 howler monkeys (D:8)
  3 crimson imps
  2 bullfrog zombies
  3 hounds
  3 jellies
  A bullfrog skeleton (D:7)
  7 orc priests
  Jessica (D:3)
  4 iguanas
  16 orc wizards
  9 worker ants
  A killer bee zombie (D:8)
  A howler monkey zombie (D:9)
  3 worker ant zombies
  5 gnolls
  16 adders
  3 shadow imps
  2 adder zombies
  An adder skeleton (D:9)
  2 worms
  2 dart slugs (D:3)
  3 leopard geckos
  42 orcs
  8 bats
  5 giant cockroaches
  12 goblins
  7 hobgoblins
  9 jackals
  23 kobolds
  2 quokkas
  3 ball pythons
  5 frilled lizards
  2 jackal skeletons
  A jackal zombie (D:6)
  5 rats
300 creatures vanquished.

Vanquished Creatures (collateral kills)
  Sigmund (D:5)
  Duvessa (D:5)
  A centaur (D:8)
  Dowan (D:5)
  2 killer bees (D:9)
  An orc priest (D:4)
  A hound (D:6)
  10 orcs
  A bat (D:3)
  2 hobgoblins
  3 jackals (D:8)
24 creatures vanquished.

Vanquished Creatures (others)
  3 slaves (D:8)
  A howler monkey (D:8)
4 creatures vanquished.

Grand Total: 328 creatures vanquished

Notes
Turn   | Place    | Note
-------+----------+-------------------------------------------
     0 | D:1      | Mefis the Deep Elf Wizard began the quest for the Orb.
     0 | D:1      | Reached XP level 1. HP: 10/10 MP: 7/7
   266 | D:1      | Reached XP level 2. HP: 15/15 MP: 4/9
   270 | D:1      | Learned a level 2 spell: Call Imp
   273 | D:1      | Learned a level 2 spell: Blink
   276 | D:1      | Learned a level 2 spell: Repel Missiles
   766 | D:1      | Reached skill level 5 in Spellcasting
  1198 | D:2      | Reached XP level 3. HP: 14/19 MP: 4/11
  1203 | D:2      | Learned a level 3 spell: Mephitic Cloud
  1271 | D:2      | Found a faded altar of an unknown god.
  1271 | D:2      | Found a burning altar of Makhleb.
  1277 | D:2      | Found a faded altar of an unknown god.
  1279 | D:2      | Found a faded altar of an unknown god.
  1281 | D:2      | Found a faded altar of an unknown god.
  1616 | D:2      | Reached XP level 4. HP: 24/24 MP: 9/13
  1621 | D:2      | Learned a level 3 spell: Conjure Flame
  2320 | D:2      | Found a deep blue altar of Sif Muna.
  2326 | D:2      | Became a worshipper of Sif Muna the Loreminder
  2768 | D:3      | Reached skill level 1 in Poison Magic
  3064 | D:3      | Noticed Jessica
  3085 | D:3      | Killed Jessica
  3085 | D:3      | Reached skill level 6 in Spellcasting
  3085 | D:3      | Reached skill level 1 in Air Magic
  3085 | D:3      | Reached XP level 5. HP: 28/28 MP: 4/15
  3882 | D:4      | Got a fine robe
  3893 | D:4      | Identified the +4 robe "Senwigid" {*Contam Dex+9 SInv} (You found it on level 4 of the Dungeon)
  4020 | D:4      | Found an opulent altar of Gozag.
  4061 | D:4      | Reached XP level 6. HP: 32/32 MP: 12/17
  4065 | D:4      | Learned a level 2 spell: Slow
  4435 | D:4      | Reached * piety under Sif Muna
  5097 | D:5      | Entered Level 5 of the Dungeon
  5126 | D:5      | Reached skill level 1 in Hexes
  5275 | D:5      | Noticed an ice beast
  5394 | D:5      | Reached skill level 7 in Spellcasting
  5394 | D:5      | Reached XP level 7. HP: 22/36 MP: 0/19
  5874 | D:5      | Noticed Duvessa
  5878 | D:5      | Noticed Dowan
  5900 | D:5      | Killed Dowan
  5900 | D:5      | Reached skill level 1 in Invocations
  5916 | D:5      | Killed Duvessa
  5916 | D:5      | Reached skill level 1 in Charms
  6094 | D:5      | Noticed Sigmund
  6192 | D:5      | Found a hazy altar of Hepliaklqana.
  6193 | D:5      | Found a shimmering altar of Xom.
  6194 | D:5      | Noticed a spectral ugly thing
  6540 | D:5      | Killed Sigmund
  6540 | D:5      | Reached skill level 1 in Evocations
  6874 | D:5      | Found a white marble altar of Elyvilon.
  6945 | D:5      | Found a basalt altar of Yredelemnul.
  7522 | D:6      | Reached ** piety under Sif Muna
  7656 | D:6      | Found Guwyc's Antique Weapon Boutique.
  7759 | D:6      | Found Jaggaos's Magic Scroll Emporium.
  7764 | D:6      | Bought a scroll of identify for 28 gold pieces
  7764 | D:6      | Bought 3 scrolls of teleportation for 126 gold pieces
  7764 | D:6      | Bought a scroll of summoning for 133 gold pieces
  7782 | D:6      | Reached XP level 8. HP: 41/41 MP: 12/21
  8261 | D:6      | Found a hide-covered altar of Uskayaw.
  8394 | D:6      | Reached skill level 8 in Spellcasting
  8458 | D:7      | Noticed theAP's ghost (novice HOFi)
  8519 | D:7      | Reached skill level 5 in Dodging
  8905 | D:7      | Found a staircase to the Ecumenical Temple.
  8927 | Temple   | Entered the Ecumenical Temple
  9509 | D:7      | Noticed a hippogriff
 10019 | D:7      | Reached XP level 9. HP: 45/45 MP: 15/23
 10187 | D:7      | Reached *** piety under Sif Muna
 10422 | D:8      | Noticed Maurice
 10526 | D:7      | Killed Maurice
 10526 | D:7      | Reached skill level 9 in Spellcasting
 11215 | D:8      | Reached skill level 5 in Hexes
 11341 | D:8      | Found a snail-covered altar of Cheibriados.
 11508 | D:8      | Reached **** piety under Sif Muna
 11664 | D:8      | Noticed a troll
 11667 | D:8      | Noticed a death knight
 11882 | D:8      | Killed a troll
 12048 | D:8      | Reached XP level 10. HP: 50/50 MP: 16/25
 12346 | D:8      | Reached skill level 5 in Conjurations
 12552 | D:8      | Reached skill level 10 in Spellcasting
 12674 | D:8      | Reached skill level 5 in Charms
 13185 | D:8      | Reached skill level 5 in Summonings
 13246 | D:8      | Noticed Pikel
 13280 | D:8      | Killed Pikel
 13639 | D:8      | Got a faintly glowing robe
 13650 | D:8      | Identified the +0 robe of Sovereignty {rF+ Str+5 Int-2 Slay+3} (You found it on level 8 of the Dungeon)
 14023 | D:8      | Killed a death knight
 14023 | D:8      | Reached skill level 5 in Poison Magic
 14496 | D:9      | Found Laol's General Store.
 14504 | D:9      | Bought a scroll of blinking for 90 gold pieces
 14504 | D:9      | Bought a potion of curing for 36 gold pieces
 14504 | D:9      | Bought a scroll of amnesia for 42 gold pieces
 14504 | D:9      | Bought a potion of curing for 36 gold pieces
 14504 | D:9      | Bought a scroll of identify for 24 gold pieces
 15218 | D:8      | Reached XP level 11. HP: 36/54 MP: 20/27
 15219 | D:8      | Reached skill level 11 in Spellcasting
 15766 | D:9      | Found a shattered altar of Ashenzari.
 15769 | D:9      | Found a shadowy altar of Dithmenos.
 15772 | D:9      | Found a radiant altar of Vehumet.
 15807 | D:9      | Reached ***** piety under Sif Muna
 16377 | D:10     | Entered Level 10 of the Dungeon
 16568 | D:10     | Identified Hasyriz's Reference Book on Feathers and the Frostbite (Sif Muna gifted it to you on level 10 of the Dungeon)
 16568 | D:10     | Received a gift from Sif Muna
 16604 | D:10     | Learned a level 3 spell: Static Discharge
 16608 | D:10     | Learned a level 3 spell: Ozocubu's Armour
 16981 | D:10     | Noticed Erolcha
 16991 | D:10     | Killed Erolcha
 16991 | D:10     | Reached skill level 5 in Invocations
 17527 | D:10     | Reached skill level 5 in Evocations
 17539 | D:10     | Found Idiqiywe's Assorted Antiques.
 18525 | D:10     | HP: 1/54 [/static electricity (3)]
 19136 | D:11     | Noticed a hill giant
 19162 | D:11     | Mangled by a hill giant

Skill      XL: |  1  2  3  4  5  6  7  8  9 10 11 |
---------------+----------------------------------+-----
Spellcasting   | 5 6 7 8 9 10 11 | 11.7
Stealth        | 3 4 |  4.2
Dodging        | 3 4 5 6 7 |  7.5
Conjurations   | 2 3 4 5 6 |  6.5
Poison Magic   | 1 2 3 4 5 |  5.4
Air Magic      | 1 2 3 4 |  4.8
Hexes          | 1 2 4 5 6 7 |  7.4
Invocations    | 1 2 3 4 5 |  5.3
Charms         | 2 3 4 6 |  6.8
Summonings     | 2 3 4 5 6 |  6.5
Evocations     | 1 2 3 4 5 |  5.3
Translocations | |  1.1

Action                   |  1- 3 |  4- 6 |  7- 9 | 10-12 || total
-------------------------+-------+-------+-------+-------++-------
Melee: Dagger            |     3 |     7 |    50 |    37 ||    97
       Blowgun           |       |       |       |     1 ||     1
 Fire: Hunting sling     |       |       |     9 |     7 ||    16
       Blowgun           |       |       |       |   102 ||   102
 Cast: Magic Dart        |    67 |   190 |   331 |   382 ||   970
       Call Imp          |     1 |     5 |    27 |     6 ||    39
       Repel Missiles    |     1 |     1 |       |     1 ||     3
       Mephitic Cloud    |       |    11 |    46 |    32 ||    89
       Blink             |       |     1 |    11 |    13 ||    25
       Conjure Flame     |       |       |    25 |    36 ||    61
       Static Discharge  |       |       |       |    38 ||    38
Evoke: Wand              |       |       |       |     1 ||     1
  Use: Scroll            |       |       |     8 |     4 ||    12
       Potion            |       |       |     1 |     1 ||     2
 Stab: Sleeping          |     1 |     5 |     5 |     3 ||    14
       Confused          |       |     1 |     3 |     5 ||     9
  Eat: Chunk             |     2 |    11 |    18 |    12 ||    43
       Fruit             |       |       |     1 |       ||     1
       Bread ration      |       |       |       |     3 ||     3
Armor: Robe              |     4 |     4 |    15 |     7 ||    30
Dodge: Dodged            |     8 |    22 |    75 |   106 ||   211
       Deflected         |     1 |     3 |       |     7 ||    11
